 Dungeon Crawl Stone Soup version 0.29.1-2-gbd0b4ee654 (webtiles) character file.

Game seed: 16249894910473079671

20151 Avanven the Fighter (level 13, 0/106 HPs)
             Began as a Djinni Fire Elementalist on Nov 13, 2022.
             Was a Priest of Makhleb.
             Slain by an elephant (14 damage)
             ... on level 2 of the Lair of Beasts.
             The game lasted 00:33:23 (13106 turns).

Avanven the Fighter (Djinni Fire Elementalist)     Turns: 13106, Time: 00:33:24

Health: 0/106      AC:  3    Str:  7    XL:     13   Next: 10%
Gold:   828        EV: 12    Int: 21    God:    Makhleb [***...] SH:  0 Dex: 15

rFire   + + +      SeeInvis .   (no weapon)
rCold   x x .      Faith    .   (no shield)
rNeg    . . .      Spirit   .   a - +1 robe
rPois   ∞          Reflect  .   (no helmet)
rElec   .          Harm     .   (no cloak)
rCorr   .          Rampage  .   (no gloves)
Will    ++...                   (boots unavailable)
Stlth   ++........              u - amulet "Yvvarphoy" {Will+ Regen+}
HPRegen 1.07/turn               F - ring of fire
MPRegen 0.00/turn               (no ring)

@: flying
A: sickness immunity, fire resistance 2, cold vulnerability 1, float, innate
caster, HP casting, extra vitality 1
a: Renounce Religion, Minor Destruction, Lesser Servant of Makhleb


You were on level 2 of the Lair of Beasts.
You worshipped Makhleb.
Makhleb was most pleased with you.
You visited 3 branches of the dungeon, and saw 14 of its levels.

You collected 828 gold pieces.

Inventory:

Hand Weapons
 b - a +1 dagger of holy wrath
Missiles
 q - a throwing net
Armour
 a - a +1 robe (worn)
 g - an orb of mayhem
 E - the +4 scale mail of Golanon {Str+4 Int+2}
   (You found it on level 9 of the Dungeon)

   Str:       It affects your strength (+4).
   Int:       It affects your intelligence (+2).
Jewellery
 l - an amulet of reflection
 u - the amulet "Yvvarphoy" (around neck) {Will+ Regen+}
   (You acquired it on level 9 of the Dungeon)

   [amulet of regeneration]

   Regen:     It increases your rate of health regeneration.
   Will:      It increases your willpower.
 F - a ring of fire (left hand)
Wands
 h - a wand of roots (11)
 p - a wand of flame (5)
 w - a wand of paralysis (13)
 y - a wand of quicksilver (8)
Scrolls
 r - 2 scrolls of immolation
 s - a scroll of enchant armour
 t - a scroll of fear
 v - a scroll of enchant weapon
 C - 6 scrolls of identify
Potions
 c - 3 potions of might
 d - 3 potions of flight
 e - 2 potions of berserk rage
 f - a potion of mutation {unknown}
 i - a potion of ambrosia {unknown}
 j - 3 potions of haste {unknown}
 k - 6 potions of curing {unknown}
 m - a potion of attraction {unknown}
 n - a potion of lignification {unknown}
 o - 2 potions of degeneration {unknown}
 x - a potion of brilliance {unknown}
 A - 3 potions of cancellation {unknown}


   Skills:
 + Level 14.5 Fighting
 - Level 2.3 Dodging
 - Level 1.6 Stealth
 + Level 11.7 Spellcasting


You had 4 spell levels left.
You knew the following spells:

 Your Spells              Type           Power      Damage    Failure   Level
a - Foxfire               Conj/Fire      100%       2x1d9     1%          1
b - Scorch                Fire           100%       2d10      1%          2
c - Conjure Flame         Conj/Fire      75%        6-21      1%          3
d - Inner Flame           Hex/Fire       75%        N/A       1%          3
e - Flame Wave            Conj/Fire      75%        2d17      1%          4
f - Sting                 Tmut/Pois      100%       1d8       1%          1
g - Blink                 Tloc           100%       N/A       1%          2
h - Wereblood             Tmut           58%        N/A       1%          2
i - Dispel Undead         Necr           58%        3d21      1%          4
j - Summon Lightning Spi  Summ/Air       58%        N/A       1%          4
k - Blade Hands           Tmut           29%        N/A       1%          5
Your spell library was empty.

Dungeon Overview and Level Annotations

Branches:
Dungeon (11/15)            Temple (1/1) D:6            Lair (2/5) D:10
  Swamp: Lair:2-3    Shoals: Lair:2-3     Snake: Lair:2-3    Spider: Lair:2-3
    Orc: D:9-12

Altars:
Ashenzari
Cheibriados
Dithmenos
Elyvilon
Fedhas
Gozag
Hepliaklqana
Makhleb
Nemelex Xobeh
Okawaru
Qazlal
Ru
Trog
Uskayaw
Wu Jian
Xom
Yredelemnul
Zin
The Shining One

Shops:
D:3 *   D:10 ?

Annotations:
D:7 Joseph


Innate Abilities, Weirdness & Mutations

You are immune to sickness and miasma.
You are immune to poison.
Your flesh is very heat resistant. (rF++)
You are vulnerable to cold. (rC-)
You float through the air rather than walking.
You learn spells naturally, not from books.
Your magical power is your life essence.
You have superior vitality. (+4 MHP)


Message History

Casting: Scorch (safe; 1% risk of failure)
Confirm with . or Enter, or press ? or * to list all spells.
You feel a surge of power!
Flames lash the elephant.
The elephant is burned terribly!
You kill the elephant!
Makhleb accepts your kill.
You feel better. The elephant tramples you!
You hold your ground!
The elephant trunk-slaps you but does no damage.
Casting: Scorch (safe; 1% risk of failure)
Confirm with . or Enter, or press ? or * to list all spells.
You feel a surge of power!
Flames lash the elephant.
The elephant is heavily wounded.
The elephant's fire resistance burns away.
The elephant completely misses you. The elephant trunk-slaps you.
Unknown command.
Casting: Scorch (safe; 1% risk of failure)
Confirm with . or Enter, or press ? or * to list all spells.
You feel a surge of power!
Flames lash the elephant.
The elephant is burned terribly!
The elephant is severely wounded.
The elephant tramples you!
You hold your ground!
The elephant trunk-slaps you.
* * * LOW HITPOINT WARNING * * *
Casting: Scorch (safe; 1% risk of failure)
Confirm with . or Enter, or press ? or * to list all spells.
You feel a surge of power!
Flames lash the elephant.
The elephant is burned terribly!
The elephant is severely wounded.
* * * LOW HITPOINT WARNING * * *
The elephant tramples you!
* * * LOW HITPOINT WARNING * * *
You hold your ground!
The elephant closely misses you.
Okay, then.
Casting: Scorch (safe; 1% risk of failure)
Confirm with . or Enter, or press ? or * to list all spells.
You feel a surge of power!
Flames lash the elephant.
The elephant is burned terribly!
The elephant is severely wounded.
* * * LOW HITPOINT WARNING * * *
The elephant tramples you!
You die...

. ..## ....### .....#.
......8 ### ...)...##
##.### ......†Y## #...P#
.......#@####....### ##
.........##..#.....###.#
......................#
......########.......#
...### ###....## .##
##.#.# ##..## ##P...#
#...###


You could see an elephant (combustible, ally target) and a friendly lightning
spire (summoned).

Vanquished Creatures
  A hydra (Lair:1)
  A two-headed ogre (D:9)
  Erica (D:9)
  A sun demon (D:10)
  Sonja (D:10)
  2 sixfirhies (D:10)
  3 elephants (Lair:2)
  A black mamba (Lair:1)
  A cane toad (Lair:1)
  2 gargoyles
  2 trolls
  Grinder (D:6)
  A hornet (D:7)
  3 blink frogs
  A basilisk (Lair:1)
  An unseen horror simulacrum (D:9)
  12 yaks
  A neqoxec (D:10)
  An acid dragon (D:8)
  4 water moccasins
  4 black bears
  5 ice beasts
  An orc warrior (D:10)
  2 sky beasts (D:6)
  3 wolves (D:9)
  An ogre (D:5)
  A phantom (D:5)
  2 centaurs
  A kobold brigand (D:10)
  5 bullfrogs
  4 scorpions
  8 wights
  6 killer bees
  2 howler monkeys (D:8)
  7 electric eels
  3 hounds
  A quasit (D:10)
  3 orc priests
  3 iguanas
  7 orc wizards
  A centaur simulacrum (D:9)
  6 adders
  A river rat (D:6)
  4 white imps
  A worm (D:2)
  A dart slug (D:5)
  22 orcs
  5 ball pythons
  5 endoplasms
  3 giant cockroaches
  4 goblins
  7 hobgoblins
  4 jackals (D:4)
  2 quokkas
  A bat (D:2)
  A frilled lizard (D:1)
  11 kobolds
  6 rats
195 creatures vanquished.

Vanquished Creatures (collateral kills)
  A two-headed ogre (D:9)
  A death yak (D:10)
  3 rust devils (D:10)
  A cane toad (Lair:1)
  An ice devil (D:10)
  2 red devils (D:10)
  A blink frog (Lair:1)
  A wyvern (D:10)
  9 yaks
  A chaos spawn (D:10)
  A neqoxec (D:10)
  2 orc warriors
  An ice beast (D:9)
  2 centaurs (D:9)
  2 kobold brigands (D:9)
  3 wights (D:9)
  A killer bee (D:9)
  2 electric eels (D:10)
  A wyvern simulacrum (D:9)
  A quasit (D:10)
  2 orc wizards (D:10)
  A white imp (D:9)
  2 ufetubi (D:9)
  4 orcs
  7 kobolds
  2 foxfires
55 creatures vanquished.

Vanquished Creatures (others)
  Edmund (D:6)
  2 demonic plants (D:10)
  542 foxfires
  6 plants
551 creatures vanquished.

Grand Total: 801 creatures vanquished

Notes
Turn   | Place    | Note
-------+----------+-------------------------------------------
     0 | D:1      | Avanven the Djinni Fire Elementalist began the quest for
                  | the Orb.
     0 | D:1      | Avanven set off with the following spells memorised:
                  | Foxfire, Scorch, Conjure Flame, Inner Flame, Flame Wave.
     0 | D:1      | Reached XP level 1. HP: 15/15 MP: 0/0
   135 | D:1      | Reached XP level 2. HP: 13/22 MP: 0/0
   375 | D:1      | Found a faded altar of an unknown god.
   395 | D:1      | Reached skill level 1 in Fighting
  1030 | D:2      | Reached XP level 3. HP: 25/27 MP: 0/0
  1030 | D:2      | Learned a level 1 spell: Sting
  2038 | D:3      | Reached skill level 2 in Fighting
  2038 | D:3      | Reached XP level 4. HP: 29/33 MP: 0/0
  2224 | D:3      | Found Qofeuj's Assorted Antiques.
  2783 | D:4      | Reached XP level 5. HP: 30/40 MP: 0/0
  2783 | D:4      | Learned a level 2 spell: Blink
  2941 | D:4      | Reached skill level 3 in Fighting
  3881 | D:5      | Entered Level 5 of the Dungeon
  3881 | D:5      | Noticed a phantom
  3886 | D:5      | Killed a phantom
  3887 | D:5      | Reached XP level 6. HP: 36/47 MP: 0/0
  3940 | D:5      | Reached skill level 4 in Fighting
  4155 | D:5      | Found a stormy altar of Qazlal.
  4216 | D:5      | Noticed a black bear
  4221 | D:5      | Killed a black bear
  4222 | D:5      | Reached XP level 7. HP: 48/53 MP: 0/0
  4222 | D:5      | Learned a level 2 spell: Wereblood
  4428 | D:5      | Reached skill level 5 in Fighting
  4662 | D:6      | Found a staircase to the Ecumenical Temple.
  4699 | D:6      | Reached skill level 5 in Spellcasting
  4699 | D:6      | Reached XP level 8. HP: 56/60 MP: 0/0
  4796 | D:6      | Reached skill level 6 in Fighting
  4958 | D:6      | Noticed Grinder
  4965 | D:6      | Killed Grinder
  5068 | D:6      | Reached skill level 7 in Fighting
  5147 | D:6      | Reached XP level 9. HP: 53/68 MP: 0/0
  5147 | D:6      | Learned a level 4 spell: Dispel Undead
  5734 | D:6      | Noticed Edmund
  5756 | D:6      | Killed Edmund
  5761 | D:6      | Reached skill level 8 in Fighting
  6324 | D:7      | Identified the +4 dagger "Bingo" {flame, Int+2}
  6445 | Temple   | Entered the Ecumenical Temple
  6502 | Temple   | Became a worshipper of Makhleb the Destroyer
  7418 | D:7      | Noticed a hornet
  7425 | D:7      | Killed a hornet
  7426 | D:7      | Reached skill level 9 in Fighting
  7684 | D:7      | Noticed Joseph
  7881 | D:8      | Reached XP level 10. HP: 64/78 MP: 0/0
  8362 | D:8      | You are sucked into a shaft and drop 1 floor!
  8365 | D:9      | Noticed Erica
  8367 | D:9      | Noticed a two-headed ogre
  8376 | D:9      | Noticed a two-headed ogre
  8377 | D:9      | Killed a two-headed ogre
  8378 | D:9      | Reached skill level 10 in Fighting
  8379 | D:9      | Killed Erica
  8382 | D:9      | Killed a two-headed ogre
  9100 | D:9      | Reached skill level 11 in Fighting
  9100 | D:9      | Reached XP level 11. HP: 78/87 MP: 0/0
  9100 | D:9      | Learned a level 4 spell: Summon Lightning Spire
  9103 | D:9      | Reached * piety under Makhleb
  9858 | D:9      | Reached ** piety under Makhleb
  9869 | D:9      | Identified the +4 scale mail of Golanon {Str+4 Int+2}
 10156 | D:9      | Reached skill level 12 in Fighting
 10522 | D:9      | Identified a scroll of acquirement
 10522 | D:9      | Acquired the amulet "Yvvarphoy" {Will+ Regen+}
 10557 | D:10     | Entered Level 10 of the Dungeon
 10614 | D:10     | Noticed a sun demon
 10646 | D:10     | Reached skill level 10 in Spellcasting
 10746 | D:10     | Noticed a death yak
 10755 | D:10     | Killed a death yak
 10765 | D:10     | Found a staircase to the Lair.
 10824 | D:10     | Reached XP level 12. HP: 95/96 MP: 0/0
 10927 | D:10     | Noticed a sixfirhy
 10935 | D:10     | Killed a sixfirhy
 11057 | D:10     | Noticed a sixfirhy
 11064 | D:10     | Killed a sixfirhy
 11065 | D:10     | Reached skill level 13 in Fighting
 11107 | D:10     | Noticed Sonja
 11112 | D:10     | Killed Sonja
 11389 | D:10     | Found Ivuo's Magic Scroll Boutique.
 11763 | D:10     | Reached *** piety under Makhleb
 12199 | D:10     | Killed a sun demon
 12285 | Lair:1   | Entered Level 1 of the Lair of Beasts
 12370 | Lair:1   | Reached skill level 14 in Fighting
 12758 | Lair:1   | Noticed a seven-headed hydra
 12765 | Lair:1   | Killed a seven-headed hydra
 12766 | Lair:1   | Reached XP level 13. HP: 106/106 MP: 0/0
 12766 | Lair:1   | Learned a level 5 spell: Blade Hands
 13106 | Lair:2   | Slain by an elephant

Illustrated notes

Levels and vault maps discovered:
D:1:      pf_arrival_petrified_forest, layout_rooms,
          dreamdust_ecumenical_altar_grove
D:2:      layout_rooms
D:3:      layout_loops_cross, serial_shops, shop
D:4:      layout_loops_ring
D:5:      layout_cave_pools, grunt_temple_overflow_open
D:6:      layout_loops_ring, minmay_temple_entry_offerings,
          gup_sewer_entry_bowl, chequers_serial_rivers_small_b, uniq_edmund,
          uniq_grinder
D:7:      layout_loops_cross, uniq_joseph
D:8:      layout_cave_pods
D:9:      layout_rooms, serial_ice, serial_ice_o, serial_ice_m, serial_ice_a,
          serial_ice_f, serial_ice_b, serial_ice_d, uniq_erica
D:10:     layout_basic, david_lair_generic, serial_shops, nicolae_shop_crystal,
          serial_demonic, serial_demonic_a, serial_demonic_e, serial_demonic_a,
          serial_demonic_c, uniq_sonja
D:11:     layout_roguey, serial_shops, nicolae_shop_statue_plus,
          nicolae_shop_behind_doors, shop, nicolae_diamond_shop, shop,
          uniq_fannar, uniq_josephine, uniq_erolcha
Temple:   mainiacjoe_temple_big_plus
Lair:1:   layout_regular_city
Lair:2:   layout_cave_pods, swamp_mist, dummy_snake_entry,
          chequers_serial_rivers_micro_c, dreamdust_mushroom_princess,
          disabler_island, uniq_harold

Skill      XL: |  1  2  3  4  5  6  7  8  9 10 11 12 |
---------------+-------------------------------------+-----
Fighting       | 1 2 3 4 5 7 9 11 12 14 | 14.5
Spellcasting   | 3 4 5 6 7 8 10 11 | 11.7
Dodging        | |  2.3
Stealth        | |  1.6

Action                   |  1- 3 |  4- 6 |  7- 9 | 10-12 | 13-15 || total
-------------------------+-------+-------+-------+-------+-------++-------
Melee: Unarmed           |     1 |       |       |       |       ||     1
 Cast: Foxfire           |    48 |    19 |    77 |   169 |     4 ||   317
       Scorch            |    17 |    38 |    74 |   127 |    13 ||   269
       Flame Wave        |       |     2 |       |     6 |       ||     8
       Wereblood         |       |       |     2 |       |       ||     2
       Conjure Flame     |       |       |     1 |       |       ||     1
       Summon Lightning  |       |       |       |    48 |     1 ||    49
       Sting             |       |       |       |     1 |       ||     1
       Dispel Undead     |       |       |       |     2 |       ||     2
       Blink             |       |       |       |     1 |       ||     1
Evoke: Wand              |       |       |       |     5 |       ||     5
  Use: Scroll            |     2 |     6 |     5 |    11 |       ||    24
       Potion            |       |     3 |     2 |     3 |       ||     8
Armor: Robe              |       |     2 |     1 |     6 |     4 ||    13
Dodge: Dodged            |     6 |     8 |    25 |    42 |     6 ||    87
Block: Other             |       |       |       |     2 |       ||     2
